 Dungeon Crawl Stone Soup version 0.21.1-1-g345015f (webtiles) character file.

16254 Heatsaber the Cleaver (level 12, -9/97 HPs)
             Began as a Formicid Abyssal Knight on May 22, 2018.
             Was a High Priest of Lugonu.
             Mangled by microfolk's ghost (16 damage)
             ... on level 12 of the Dungeon.
             The game lasted 01:35:36 (15192 turns).

Heatsaber the Cleaver (Formicid Abyssal Knight)    Turns: 15192, Time: 01:35:36

Health: -9/97      AC: 16    Str: 32    XL:     12   Next: 67%
Magic:  0/19       EV:  4    Int: 16    God:    Lugonu [*****.]
Gold:   872        SH: 15    Dex: 10    Spells: 11/11 levels left

rFire    . . .     SeeInvis +   a - +6 battleaxe
rCold    . . .     Gourm    .   o - +0 large shield
rNeg     . . .     Faith    .   y - +0 plate armour
rPois    .         Spirit   +   (helmet unavailable)
rElec    .         Reflect  .   (no cloak)
rCorr    .         Harm     .   (no gloves)
MR       +....                  (no boots)
Stlth    ..........             d - amulet of guardian spirit
HPRegen  0.26/turn              l - +3 ring of strength
MPRegen  0.16/turn              p - +4 ring of strength

@: mighty
A: permanent stasis, dig shafts and tunnels, four strong arms, antennae 3,
iridescent scales 1, strong 1, no potion heal 1
a: Dig, Shaft Self, Depart the Abyss, Bend Space, Banish, Corrupt, Enter the
Abyss, Renounce Religion


You were on level 12 of the Dungeon.
You worshipped Lugonu.
Lugonu was extremely pleased with you.
You were hungry.

You visited 1 branch of the dungeon, and saw 12 of its levels.
You visited the Abyss 1 time.

You collected 872 gold pieces.

Inventory:

Hand Weapons
 a - a +6 battleaxe (weapon)
 b - a +1 blowgun
 D - a +1 hand axe of chopping
 E - a +4 scimitar of flaming
Missiles
 g - 67 poisoned needles
 k - a curare-tipped needle
 v - 12 needles of confusion
 P - 5 exploding tomahawks
 Q - 8 tomahawks (quivered)
Armour
 n - a +0 chain mail
 o - a +0 large shield (worn)
 r - a +0 ring mail of magic resistance
 y - a +0 plate armour (worn)
 G - a +0 cloak
Magical Staves
 S - an uncursed staff of summoning
Jewellery
 d - an amulet of guardian spirit (around neck)
 l - a +3 ring of strength (left hand)
 p - a +4 ring of strength (right hand)
 t - an uncursed ring of wizardry
 H - an uncursed amulet of magic regeneration
 L - a +2 ring of protection
Wands
 x - a wand of scattershot (2)
 A - a wand of enslavement (6)
Scrolls
 e - 4 scrolls of amnesia
 f - a scroll of enchant armour
 i - 2 scrolls of fear
 j - 7 scrolls of identify
 m - 3 scrolls of remove curse
 C - 4 scrolls of blinking
 K - a scroll of vulnerability {unknown}
 O - a scroll of magic mapping {unknown}
 R - a scroll of fog {unknown}
Potions
 q - 2 potions of ambrosia
 s - 2 potions of resistance
 w - 2 potions of mutation
 z - a potion of magic {unknown}
 F - a potion of lignification {unknown}
 J - a potion of agility {unknown}
 M - a potion of brilliance {unknown}
Books
 I - a book of Cantrips

   Spells                             Type                      Level
   a - Confusing Touch                Hexes                        1
   b - Animate Skeleton               Necromancy                   1
   c - Summon Small Mammal            Summoning                    1
   d - Apportation                    Translocation                1
 N - a book of Conjurations

   Spells                             Type                      Level
   a - Magic Dart                     Conjuration                  1
   b - Searing Ray                    Conjuration                  2
   c - Dazzling Spray                 Conjuration/Hexes            3
   d - Fulminant Prism                Conjuration/Hexes            4
   e - Force Lance                    Conjuration/Translocation    4
   f - Iskenderun's Mystic Blast      Conjuration                  4
Comestibles
 c - 25 rations


   Skills:
 + Level 10.3 Fighting
 * Level 12.5 Axes
 + Level 10.0 Armour
 - Level 0.8 Dodging
 * Level 2.8 Shields
 + Level 10.4 Invocations


You had 11 spell levels left.
You didn't know any spells.

Dungeon Overview and Level Annotations

Branches:
Dungeon (12/15)            Temple (0/1) D:7            Lair (0/6) D:9
    Orc (0/2) D:12

Altars:
Kikubaaqudgha
Nemelex Xobeh
Okawaru
Ru
Trog
Vehumet
Wu Jian
Xom
Zin
The Shining One
Jiyva

Shops:
D:8 (

Annotations:
D:12 microfolk's ghost, journeyman DEIE


Innate Abilities, Weirdness & Mutations

You cannot be hasted, slowed, berserked, paralysed or teleported.
You can dig through walls and to a lower floor.
Your four strong arms can wield two-handed weapons with a shield.
You have a pair of large antennae on your head. (SInv)
You are partially covered in iridescent scales. (AC +2)
Your muscles are strong. (Str +2)
Potions are less effective at restoring your health.


Message History

Unknown command.
You miss microfolk's ghost.
Microfolk's ghost is severely damaged.
You slash the ice beast!
You kill the ice beast!
Microfolk's ghost launches a ball of destructive magic.
The wavering orb of destruction weakly hits you!
* * * LOW HITPOINT WARNING * * *
You closely miss microfolk's ghost.
Microfolk's ghost is severely damaged.
Your shield and plate armour prevent you from hitting the butterfly.
Microfolk's ghost hits you but does no damage.
You are electrocuted!
* * * LOW HITPOINT WARNING * * *
You don't have enough magic at the moment.
Your system partially rejects the healing.
You feel better.
Microfolk's ghost hits you but does no damage.
You are electrocuted!
You die...

.#......# #..........#
.#......# #..........#
.##....## #....#######
.####### #....# ..#
#....# ..# ### #....#
.######.# #....#
.##.....####....#######
.............b..@.....#
.......#..b...b.W.....#
.#####'#..............#
####...#.bb..)........#
.......#....###########
.......#....#
.......#....#
..Y{.{.#....#
.######.....#


You could see microfolk's ghost.

Vanquished Creatures
  2 hydras (D:11)
  Erica (D:9)
  3 two-headed ogres
  The ghost of kirsanium the Blocker, a novice FoFi of Cheibriados (D:8)
  An ugly thing (D:11)
  Pikel (D:8)
  Maurice (D:9)
  A centaur zombie (D:11)
  Psyche (D:9)
  A gargoyle (D:11)
  A hippogriff (D:8)
  4 fire bats (D:10)
  4 wyverns
  6 yaks (D:9)
  3 hungry ghosts
  A steam dragon (D:7)
  Edmund (D:4)
  2 water moccasins
  A hell hound (D:10)
  An eye of draining (D:11)
  7 orc warriors
  3 phantoms
  3 ice beasts
  3 sky beasts
  2 black bears
  6 ogres
  8 centaurs
  A big kobold (D:11)
  A water moccasin zombie (D:7)
  6 bullfrogs
  A gnoll sergeant (D:10)
  2 wyvern skeletons (D:10)
  4 scorpions
  5 killer bees (D:10)
  3 wights (D:6)
  3 howler monkeys (D:10)
  4 bullfrog zombies
  6 crimson imps
  5 jellies
  2 lava snakes (D:10)
  5 hounds
  8 orc priests
  4 bullfrog skeletons
  2 centaur skeletons
  3 iguanas
  13 orc wizards
  4 worker ants
  3 killer bee zombies
  2 hound zombies (D:6)
  A hound skeleton (D:7)
  A howler monkey zombie (D:6)
  2 howler monkey skeletons
  3 river rats (D:4)
  11 adders
  5 gnolls (D:10)
  6 oozes
  An adder zombie (D:6)
  4 worms
  2 dart slugs (D:2)
  6 leopard geckos
  38 orcs
  8 giant cockroaches
  3 goblins
  6 hobgoblins
  7 jackals
  8 quokkas
  3 ball pythons
  4 bats
  2 frilled lizards (D:2)
  A jackal skeleton (D:4)
  A jackal zombie (D:6)
  17 kobolds
  2 leopard gecko zombies
  12 rats
  A butterfly (D:10)
  A fire vortex (D:10)
312 creatures vanquished.

Vanquished Creatures (others)
  An ogre (D:8)
  An orc wizard (D:7)
  An orc (D:8)
  2 fire vortices (D:10)
  3 plants (D:10)
8 creatures vanquished.

Grand Total: 320 creatures vanquished

Notes
Turn   | Place    | Note
-------+----------+-------------------------------------------
     0 | Abyss:1  | Heatsaber the Formicid Abyssal Knight began the quest for the Orb.
     0 | Abyss:1  | Reached XP level 1. HP: 18/18 MP: 2/2
    49 | Abyss:1  | Found a corrupted altar of Lugonu.
    52 | Abyss:1  | Noticed a large abomination
    66 | Abyss:1  | Noticed a neqoxec
    66 | Abyss:1  | Gained mutation: Your spells are a little easier to cast, but a little less powerful. [a neqoxec]
    71 | Abyss:1  | Noticed a large abomination
    75 | Abyss:1  | Noticed a neqoxec
    76 | Abyss:1  | Noticed a large abomination
    76 | Abyss:1  | Gained mutation: Potions are less effective at restoring your health. [a neqoxec]
    79 | D:1      | Escaped the Abyss
   219 | D:1      | Reached XP level 2. HP: 24/24 MP: 3/3
  1002 | D:2      | Reached * piety under Lugonu
  1007 | D:2      | Reached XP level 3. HP: 14/30 MP: 4/4
  1772 | D:2      | Reached skill level 3 in Axes
  1772 | D:2      | Reached XP level 4. HP: 37/37 MP: 5/5
  2235 | D:3      | Lost mutation: Your spells are a little easier to cast, but a little less powerful. [potion of mutation]
  2235 | D:3      | Gained mutation: Your muscles are strong. (Str +2) [potion of mutation]
  2235 | D:3      | Gained mutation: You are partially covered in iridescent scales. (AC +2) [potion of mutation]
  2563 | D:3      | Reached XP level 5. HP: 26/42 MP: 6/6
  3361 | D:3      | Reached skill level 4 in Axes
  3370 | D:3      | Reached ** piety under Lugonu
  3422 | D:3      | Found an iron altar of Okawaru.
  3600 | D:3      | Found a bloodstained altar of Trog.
  3827 | D:4      | Reached XP level 6. HP: 20/48 MP: 8/8
  4206 | D:4      | Found an ancient bone altar of Kikubaaqudgha.
  4295 | D:4      | Noticed an ogre
  4300 | D:4      | Killed an ogre
  4300 | D:4      | Reached skill level 5 in Axes
  4300 | D:4      | Reached XP level 7. HP: 33/55 MP: 6/9
  4529 | D:4      | Noticed Edmund
  4571 | D:4      | Killed Edmund
  4638 | D:4      | Reached skill level 5 in Fighting
  5268 | D:5      | Entered Level 5 of the Dungeon
  5425 | D:5      | Reached XP level 8. HP: 46/62 MP: 8/11
  5521 | D:5      | Found a glowing golden altar of the Shining One.
  5595 | D:5      | Reached *** piety under Lugonu
  5657 | D:5      | Reached skill level 6 in Axes
  5775 | D:5      | Found an ornate altar of the Wu Jian Council.
  5929 | D:6      | Reached skill level 5 in Armour
  5929 | D:6      | Reached skill level 5 in Invocations
  6670 | D:6      | Reached skill level 7 in Axes
  6721 | D:6      | Reached XP level 9. HP: 54/69 MP: 11/13
  6863 | D:6      | Found a glowing silver altar of Zin.
  7139 | D:7      | Found a shimmering altar of Xom.
  7290 | D:7      | Reached skill level 8 in Axes
  7356 | D:7      | Reached **** piety under Lugonu
  7412 | D:7      | Found a staircase to the Ecumenical Temple.
  7588 | D:7      | Reached XP level 10. HP: 65/79 MP: 15/15
  7638 | D:7      | Found a sacrificial altar of Ru.
  7839 | D:8      | Noticed Pikel
  7875 | D:8      | Killed Pikel
  7875 | D:8      | Reached skill level 9 in Axes
  7992 | D:8      | Found a sparkling altar of Nemelex Xobeh.
  8343 | D:8      | Found Xuarum's Weapon Boutique.
  8348 | D:8      | Noticed kirsanium's ghost (novice FoFi)
  9329 | D:8      | Killed kirsanium's ghost
  9349 | D:8      | Found a radiant altar of Vehumet.
  9617 | D:8      | Reached skill level 10 in Axes
 10023 | D:9      | Reached XP level 11. HP: 76/87 MP: 14/17
 10097 | D:9      | Noticed a two-headed ogre
 10116 | D:9      | Killed a two-headed ogre
 10441 | D:9      | Noticed a two-headed ogre
 10451 | D:9      | Killed a two-headed ogre
 10532 | D:9      | Noticed Erica
 10541 | D:9      | Killed Erica
 10541 | D:9      | Reached skill level 11 in Axes
 10846 | D:9      | Noticed Maurice
 10851 | D:9      | Killed Maurice
 10878 | D:9      | Noticed Psyche
 10887 | D:9      | Killed Psyche
 10912 | D:9      | Found a staircase to the Lair.
 10994 | D:10     | Entered Level 10 of the Dungeon
 11488 | D:10     | Reached ***** piety under Lugonu
 11665 | D:10     | Found a viscous altar of Jiyva.
 12311 | D:11     | Reached XP level 12. HP: 88/96 MP: 16/19
 12403 | D:11     | Noticed a two-headed ogre
 12417 | D:11     | Killed a two-headed ogre
 12427 | D:11     | Reached skill level 10 in Invocations
 12492 | D:11     | Reached skill level 12 in Axes
 12776 | D:11     | Reached skill level 10 in Fighting
 12799 | D:11     | Noticed a five-headed hydra
 12810 | D:11     | Killed a one-headed hydra
 12949 | D:11     | Reached skill level 1 in Shields
 13499 | D:12     | Noticed a six-headed hydra
 13504 | D:12     | Noticed microfolk's ghost (journeyman DEIE)
 13560 | D:11     | Killed a one-headed hydra
 14367 | D:12     | Found a staircase to the Orcish Mines.
 14687 | D:12     | Reached skill level 10 in Armour
 15191 | D:12     | HP: 3/97 [microfolk's ghost (11)]
 15192 | D:12     | Mangled by microfolk's ghost

Skill      XL: |  1  2  3  4  5  6  7  8  9 10 11 12 |
---------------+-------------------------------------+-----
Axes           | 3 4 5 7 8 10 11 12 | 12.5
Fighting       | 4 5 6 7 8 9 10 | 10.3
Armour         | 3 4 5 6 7 9 10 | 10.0
Invocations    | 3 4 5 6 8 9 10 | 10.4
Shields        | 2 |  2.8
Dodging        | |  0.8

Action                   |  1- 3 |  4- 6 |  7- 9 | 10-12 || total
-------------------------+-------+-------+-------+-------++-------
Melee: Hand axe          |   104 |   190 |   252 |       ||   546
       Battleaxe         |       |       |    66 |   498 ||   564
       Scimitar          |       |       |       |    20 ||    20
 Fire: Blowgun           |       |    16 |    29 |    33 ||    78
Throw: Tomahawk          |       |       |       |     6 ||     6
Invok: Depart the Abyss  |     1 |       |       |       ||     1
       Bend Space        |       |       |     6 |    16 ||    22
 Abil: Dig               |       |     5 |     6 |    29 ||    40
Evoke: Wand              |       |       |       |    25 ||    25
  Use: Potion            |       |     5 |       |     5 ||    10
       Scroll            |       |     8 |     6 |     4 ||    18
  Eat: Chunk             |     3 |     8 |    10 |    26 ||    47
       Ration            |       |       |     1 |     3 ||     4
Armor: Leather armour    |    33 |    14 |       |       ||    47
       Chain mail        |       |    74 |   115 |       ||   189
       Plate armour      |       |       |    65 |   374 ||   439
Dodge: Dodged            |    63 |    83 |   149 |   174 ||   469
Block: Large shield      |       |       |       |    52 ||    52
